 Dungeon Crawl Stone Soup version 0.31-a0-232-gb1c03b2570 (webtiles) character file.

Game seed: 15231052353384289070

2263 qw the Skirmisher (level 9, -12/79 HPs)
             Began as a Minotaur Hexslinger on July 7, 2023.
             Mangled by Maggie
             ... wielding a +2 halberd of distortion
              (22 damage)
             ... on level 6 of the Dungeon.
             The game lasted 00:02:54 (5156 turns).

qw the Skirmisher (Minotaur Hexslinger)             Turns: 5156, Time: 00:02:55

Health: -12/79     AC: 10    Str: 16 (18) XL:     9   Next: 15%
Magic:  9/9        EV: 12    Int:  7 (10) God:
Gold:   146        SH:  0    Dex: 16 (18) Spells: 9/10 levels left

rFire   + . .        Y - +2 sling
rCold   . . .        (no shield)
rNeg    . . .        b - +2 ring mail {Will+}
rPois   .            (helmet restricted)
rElec   .            (no cloak)
rCorr   .            e - +2 pair of gloves
SInv    .            (no boots)
Will    +....        d - amulet of faith
Stlth   +            m - +6 ring of strength
HPRegen 0.33/turn    s - ring of protection from fire
MPRegen 0.11/turn

%: faith
@: about to teleport, mesmerised
A: horns 2, retaliatory headbutt, hooves 1
a: no special abilities


You were on level 6 of the Dungeon.
You visited 1 branch of the dungeon, and saw 6 of its levels.
You also visited: Ossuary.

You collected 241 gold pieces.
You spent 95 gold pieces at shops.


Innate Abilities, Weirdness & Mutations

You have a pair of horns on your head.
You reflexively headbutt those who attack you in melee.
You have large cloven feet.


   Skills:
 - Level 7.0 Fighting
 + Level 11.0 Ranged Weapons
 - Level 3.1 Armour
 - Level 4.0 Dodging
 - Level 1.0 Spellcasting
 - Level 2.0 Hexes


You had 9 spell levels left.
You knew the following spells:

 Your Spells              Type           Power      Damage    Failure   Level
a - Slow                  Hex            12%        N/A       34%         1

Your spell library contained the following spells:

 Spells                   Type           Power      Damage    Failure   Level
 Inner Flame              Hex/Fire       1%         N/A       83%         3
 Portal Projectile        Hex/Tloc       2%         N/A       83%         3
 Cause Fear               Hex            1%         N/A       98%         4

Inventory:

Hand Weapons
 Y - a +2 sling (weapon)
Armour
 b - a +2 ring mail of willpower (worn)
 e - a +2 pair of gloves (worn)
Jewellery
 c - an amulet of regeneration
 d - an amulet of faith (around neck)
 m - a +6 ring of strength (left hand)
 n - a ring of ice
 s - a ring of protection from fire (right hand)
Scrolls
 g - a scroll of identify
 j - 3 scrolls of teleportation
 l - 2 scrolls of enchant armour
Potions
 a - a potion of resistance
 h - a potion of might
 i - 3 potions of mutation
 k - a potion of curing
 o - 2 potions of haste
 q - a potion of cancellation

Dungeon Overview and Level Annotations

Branches:
Dungeon (6/15)            Ossuary (visited)
 Temple: D:4-7

Altars:
Cheibriados
Qazlal
The Shining One

Shops:
D:3 ?==:(

Annotations:
D:4 1 runed translucent door, Crazy Yiuf
D:6 1 runed translucent door, Maggie; qw's ghost, novice GrFi


Message History

Maggie mumbles some strange words.
Maggie attempts to bespell you!
You are mesmerised by Maggie!
You shoot a sling bullet. The sling bullet hits the sleepcap.
The sleepcap is lightly damaged.
The sleepcap releases spores at you but does no damage.
Maggie hits you from afar with a +2 halberd of distortion!
You shoot a sling bullet. The sling bullet hits the sleepcap.
The sleepcap is moderately damaged.
The sleepcap releases spores at you but does no damage.
Maggie hits you from afar with a +2 halberd of distortion!
Space warps around you.
You shoot a sling bullet.
The sling bullet hits the sleepcap but does no damage.
The sleepcap is moderately damaged.
The sleepcap closely misses you. Maggie barely misses you.
You shoot a sling bullet. The sling bullet hits the sleepcap.
The sleepcap is moderately damaged.
The sleepcap releases spores at you. Maggie closely misses you.
You shoot a sling bullet. The sling bullet hits the sleepcap.
The sleepcap is heavily damaged.
The sleepcap releases spores at you but does no damage.
Maggie casts a spell.
Maggie draws you further into her thrall.
You shoot a sling bullet. The sling bullet hits the sleepcap!
The sleepcap is severely damaged.
The sleepcap releases spores at you.
You are engulfed in a cloud of soporific spores!
You fall asleep.
Maggie hits you from afar with a +2 halberd of distortion!
You wake up.
Space warps around you.
5155 ||| READING 4 scrolls of teleportation.
As you read the scroll of teleportation, it crumbles to dust.
You feel strangely unstable. The sleepcap misses you. Maggie misses you.
You shoot a sling bullet. The sling bullet hits the sleepcap.
The sleepcap is severely damaged.
The sleepcap completely misses you. Maggie hits you but does no damage.
Space warps horribly around you!!
You die...

#...#....... ...#...... .
........#.. #.........
#.......## #.@.>....#
#..f...# ###..@...#
#....#####
#.....###########.
#.......##.........
#........#.........)..
#...###...............
.....##W##..............
....##...##.............
....##..!..##.........##.


You could see Maggie (mesmerising) and a sleepcap.

Vanquished Creatures
  A steam dragon (D:6)
  2 ice beasts
  An ogre (D:5)
  A phantom (D:4)
  A kobold brigand (D:5)
  A bullfrog (D:6)
  12 scorpions
  5 elf skeletons (D:4)
  A howler monkey (D:5)
  A centaur zombie (Ossuary)
  2 hounds (D:5)
  3 human zombies
  A jelly (D:5)
  A human skeleton (D:4)
  3 iguanas
  3 scorpion zombies (Ossuary)
  3 mummies (Ossuary)
  A gnoll (D:1)
  5 adders
  2 shadow imps
  An ufetubus (D:5)
  5 worms
  7 dart slugs
  6 orcs
  4 ball pythons
  5 endoplasms
  7 giant cockroaches
  2 gnoll zombies (Ossuary)
  9 goblins
  9 hobgoblins
  A jackal (D:5)
  4 quokkas
  7 bats
  2 frilled lizards
  3 goblin zombies (Ossuary)
  2 hobgoblin zombies (Ossuary)
  8 kobolds
  2 orc skeletons (D:4)
  5 orc zombies
  5 rats
144 creatures vanquished.

Notes
Turn   | Place    | Note
-------+----------+-------------------------------------------
     0 | D:1      | qw the Minotaur Hexslinger began the quest for the Orb.
     0 | D:1      | Reached XP level 1. HP: 16/16 MP: 1/1
     0 | D:1      | 0 ||| qw: Version: 0.3-a-46-gb1f654a
     0 | D:1      | 0 ||| qw: Game counter: 2271
     0 | D:1      | 0 ||| qw: Melee chars always use a shield: true
     0 | D:1      | 0 ||| qw: God list: Okawaru
     0 | D:1      | 0 ||| qw: Allow faded altars: false
     0 | D:1      | 0 ||| qw: Do Orc after clearing Dungeon:15 true
     0 | D:1      | 0 ||| qw: Do second Lair branch before Depths: true
     0 | D:1      | 0 ||| qw: Lair rune preference: random
     0 | D:1      | 0 ||| qw: Goals: Normal
     0 | D:1      | 0 ||| PLANNING D:1-11
    79 | D:1      | Reached skill level 3 in Ranged Weapons
    79 | D:1      | Reached XP level 2. HP: 8/23 MP: 2/2
   423 | D:1      | Reached XP level 3. HP: 30/30 MP: 3/3
   431 | D:1      | 431 ||| FLEEEEING.
   591 | D:1      | 591 ||| UPGRADING to +0 pair of gloves.
   596 | D:1      | 596 ||| READING scroll labelled HEAMUO DUIN.
   599 | D:1      | 599 ||| READING 2 scrolls labelled OHETOTEDEG.
   600 | D:1      | 600 ||| READING scroll labelled UNTEUH KYNAM.
   601 | D:1      | 601 ||| READING scroll labelled YSKEEHEEGO.
   602 | D:1      | 602 ||| DROPPING scroll of poison.
   603 | D:1      | 603 ||| DROPPING scroll of fog.
   697 | D:2      | Reached skill level 4 in Ranged Weapons
   735 | D:2      | Found a faded altar of an unknown god.
   808 | D:2      | Reached XP level 4. HP: 37/37 MP: 4/4
  1098 | D:2      | 1098 ||| UPGRADING to amulet of faith.
  1103 | D:2      | 1103 ||| READING scroll labelled QICUJA GAENNE.
  1140 | D:3      | Found Xuebix's Jewellery Emporium.
  1164 | D:3      | 1164 ||| SHOPLISTING +4 ring of protection (468 gold, have
                  | 61).
  1164 | D:3      | 1164 ||| SHOPLISTING amulet of reflection (390 gold, have
                  | 61).
  1164 | D:3      | 1164 ||| SHOPLISTING amulet of the acrobat (390 gold, have
                  | 61).
  1164 | D:3      | 1164 ||| SHOPLISTING ring of protection from cold (325
                  | gold, have 61).
  1164 | D:3      | 1164 ||| SHOPLISTING ring of resist corrosion (260 gold,
                  | have 61).
  1164 | D:3      | 1164 ||| SHOPLISTING ring of see invisible (195 gold, have
                  | 61).
  1164 | D:3      | 1164 ||| SHOPLISTING ring of willpower (325 gold, have 61).
  1183 | D:3      | Found a stormy altar of Qazlal.
  1183 | D:3      | Found a snail-covered altar of Cheibriados.
  1183 | D:3      | Found a glowing golden altar of the Shining One.
  1235 | D:3      | Found Beomoeco's Jewellery Emporium.
  1236 | D:3      | 1236 ||| Stepping ~*~*~tactically~*~*~ (outnumbered).
  1238 | D:3      | 1238 ||| Stepping ~*~*~tactically~*~*~ (outnumbered).
  1240 | D:3      | 1240 ||| Stepping ~*~*~tactically~*~*~ (outnumbered).
  1254 | D:3      | 1254 ||| SHOPLISTING +4 ring of protection (504 gold, have
                  | 90).
  1254 | D:3      | 1254 ||| SHOPLISTING +6 ring of dexterity (504 gold, have
                  | 90).
  1254 | D:3      | 1254 ||| SHOPLISTING +6 ring of strength (504 gold, have
                  | 90).
  1254 | D:3      | 1254 ||| SHOPLISTING amulet of the acrobat (420 gold, have
                  | 90).
  1254 | D:3      | 1254 ||| SHOPLISTING ring of Jodoanick {rC+ rCorr Dex+4}
                  | (593 gold, have 90).
  1280 | D:3      | Found Onyrakoa's Antique Weapon Shop.
  1416 | D:3      | Found Acwaxo Zesoe's Magic Scroll Shop.
  1425 | D:3      | 1425 ||| SHOPLISTING scroll of acquirement (520 gold, have
                  | 117).
  1425 | D:3      | 1425 ||| BUYING scroll of enchant armour (75 gold).
  1425 | D:3      | Bought a scroll of enchant armour for 75 gold pieces
  1425 | D:3      | 1425 ||| SHOPLISTING scroll of enchant weapon (75 gold,
                  | have 42).
  1425 | D:3      | 1425 ||| BUYING scroll of identify (20 gold).
  1425 | D:3      | Bought a scroll of identify for 20 gold pieces
  1425 | D:3      | 1425 ||| SHOPLISTING scroll of teleportation (30 gold, have
                  | 22).
  1425 | D:3      | 1425 ||| READING scroll of enchant armour.
  1425 | D:3      | 1425 ||| ENCHANTING +0 pair of gloves.
  1491 | D:3      | Found Tuarriwe's Book Boutique.
  1500 | D:3      | 1500 ||| UPGRADING to +2 ring mail of willpower.
  1510 | D:3      | 1510 ||| DROPPING +0 robe.
  1588 | D:3      | 1588 ||| READING scroll labelled ZUABRE SORO.
  1589 | D:3      | 1589 ||| READING scroll labelled ULOAXT XADEB.
  1590 | D:3      | 1590 ||| DRINKING 2 bubbling pink potions.
  1590 | D:3      | Gained mutation: You have large cloven feet. [potion of
                  | mutation]
  1591 | D:3      | 1591 ||| READING 3 scrolls of identify.
  1591 | D:3      | 1591 ||| IDENTIFYING fuming blue potion
  1592 | D:3      | 1592 ||| READING 2 scrolls of identify.
  1592 | D:3      | 1592 ||| IDENTIFYING fizzy brown potion
  1619 | D:4      | 1619 ||| PLANNING OSSUARY
  1628 | D:4      | 1628 ||| READING scroll of enchant armour.
  1628 | D:4      | 1628 ||| ENCHANTING +1 pair of gloves.
  1638 | D:4      | Noticed a phantom
  1647 | D:4      | Killed a phantom
  1648 | D:4      | Reached skill level 3 in Armour
  1648 | D:4      | Reached XP level 5. HP: 38/42 MP: 5/5
  1767 | D:4      | Found a runed translucent door.
  1768 | D:4      | Noticed Crazy Yiuf
  1813 | D:4      | Reached skill level 5 in Ranged Weapons
  1852 | D:4      | Reached skill level 3 in Fighting
  2065 | D:4      | Reached XP level 6. HP: 44/51 MP: 6/6
  2115 | D:4      | Reached skill level 6 in Ranged Weapons
  2153 | D:4      | Found a sand-covered staircase.
  2192 | Ossuary  | Entered an ossuary
  2231 | Ossuary  | Reached XP level 7. HP: 45/59 MP: 7/7
  2240 | Ossuary  | Reached skill level 7 in Ranged Weapons
  2244 | Ossuary  | 2244 ||| FLEEEEING.
  2245 | Ossuary  | 2245 ||| FLEEEEING.
  2246 | Ossuary  | 2246 ||| FLEEEEING.
  2252 | Ossuary  | 2252 ||| FLEEEEING.
  2253 | Ossuary  | 2253 ||| FLEEEEING.
  2399 | Ossuary  | Reached skill level 8 in Ranged Weapons
  2476 | Ossuary  | 2476 ||| UPGRADING to +6 ring of strength.
  2477 | Ossuary  | 2477 ||| READING scroll labelled BIJULUA ZUJI.
  2587 | Ossuary  | 2587 ||| FLEEEEING.
  2884 | Ossuary  | Reached XP level 8. HP: 63/68 MP: 8/8
  2941 | Ossuary  | Reached skill level 3 in Dodging
  2951 | Ossuary  | Reached skill level 9 in Ranged Weapons
  3025 | Ossuary  | 3025 ||| UPGRADING to ring of protection from fire.
  3026 | Ossuary  | 3026 ||| DRINKING 2 fuming silvery potions.
  3027 | Ossuary  | 3027 ||| DRINKING 2 fuming pink potions.
  3042 | Ossuary  | 3042 ||| DRINKING 2 coppery potions.
  3043 | Ossuary  | 3043 ||| DROPPING potion of invisibility.
  3044 | Ossuary  | 3044 ||| DROPPING potion of lignification.
  3106 | D:4      | 3106 ||| PLANNING D:1-11
  3184 | D:4      | Reached skill level 6 in Fighting
  3801 | D:4      | 3801 ||| READING 2 scrolls of identify.
  3801 | D:4      | 3801 ||| IDENTIFYING bubbling emerald potion
  3802 | D:4      | 3802 ||| DROPPING potion of ambrosia.
  3828 | D:5      | Entered Level 5 of the Dungeon
  4154 | D:5      | Reached skill level 10 in Ranged Weapons
  4628 | D:5      | Found a faded altar of an unknown god.
  4628 | D:5      | Found the Hermit's Pendant {Faith Invo=14 Evo=0 MP+5}
  4669 | D:5      | 4669 ||| READING scroll labelled ZYZIMID REPRALIT.
  4670 | D:5      | 4670 ||| DRINKING 3 yellow potions.
  4775 | D:5      | 4775 ||| DRINKING 2 fuming white potions.
  4776 | D:5      | 4776 ||| READING 3 scrolls of identify.
  4776 | D:5      | 4776 ||| IDENTIFYING fizzy golden potion
  4777 | D:5      | 4777 ||| READING 2 scrolls of identify.
  4777 | D:5      | 4777 ||| IDENTIFYING lumpy green potion
  4778 | D:5      | 4778 ||| DROPPING 2 potions of berserk rage.
  4779 | D:5      | 4779 ||| DROPPING potion of degeneration.
  4851 | D:6      | Reached XP level 9. HP: 57/79 MP: 9/9
  4860 | D:6      | 4860 ||| FLEEEEING.
  4865 | D:6      | 4865 ||| FLEEEEING.
  4866 | D:6      | 4866 ||| FLEEEEING.
  4867 | D:6      | 4867 ||| STAIRDANCE
  4954 | D:6      | 4954 ||| STAIRDANCE
  5082 | D:6      | Reached skill level 11 in Ranged Weapons
  5120 | D:6      | Noticed qw's ghost (novice GrFi)
  5122 | D:6      | Found a runed translucent door.
  5139 | D:6      | Noticed Maggie
  5154 | D:6      | HP: 16/79 [Maggie/+2 halberd of distortion (12)]
  5155 | D:6      | 5155 ||| READING 4 scrolls of teleportation.
  5156 | D:6      | Mangled by Maggie

Levels and vault maps discovered:
D:1:      tarquinn_simple_flora_water_a, layout_basic
D:2:      layout_rooms, dreamdust_ecumenical_altar_grove,
          minmay_strange_pillars, minmay_misc_feat_four_crosses
D:3:      layout_rooms, chequers_temple_overflow_statue_of_worship,
          serial_shops, shop, nicolae_shop_just_a_little_nook, shop,
          nicolae_shop_hallway_stairs, nicolae_square_shop,
          kennysheep_generic_room_2
D:4:      layout_gridville, nicolae_ossuary_entry_catacombs,
          chequers_decorated_corner, uniq_crazy_yiuf_cottage
D:5:      minmay_razor_zed, layout_basic, hellmonk_guarded_unrand_hermit
D:6:      layout_basic, hellmonk_ghost_happy_afterlife, uniq_maggie,
          uniq_grinder

Skill      XL: |  1  2  3  4  5  6  7  8  9 |
---------------+----------------------------+-----
Ranged Weapons | 3 4 5 6 8 10 11 | 11.0
Fighting       | 2 3 4 5 7 |  7.0
Armour         | 3 |  3.1
Dodging        | 4 |  4.0
Spellcasting   | |  1.0
Hexes          | |  2.0

Action                     |  1- 3 |  4- 6 |  7- 9 || total
---------------------------+-------+-------+-------++-------
   Fire: Sling             |   125 |   235 |   389 ||   749
    Use: Scroll            |     4 |     7 |     6 ||    17
         Potion            |       |     1 |     5 ||     6
 Armour: Robe              |    11 |    10 |       ||    21
         Ring mail         |       |    43 |   160 ||   203
  Dodge: Dodged            |    21 |    74 |   166 ||   261

Table legend:
 A = Non-vault XP
 B = Vault XP
 C = Vault XP percentage of total XP
 D = Non-vault monster count
 E = Vault monster count
 F = Vault count percentage of total count
                 A         B        C        D         E       F
            +---------+---------+-------+---------+---------+-------
      Total |    1137 |    2096 |  64.8 |      91 |      53 |  36.8
            +---------+---------+-------+---------+---------+-------
        D:1 |      64 |       0 |   0.0 |      29 |       0 |   0.0
        D:2 |      44 |       0 |   0.0 |      13 |       0 |   0.0
        D:3 |      46 |       2 |   4.2 |      19 |       1 |   5.0
        D:4 |     265 |     542 |  67.2 |      16 |      11 |  40.7
        D:5 |     259 |     384 |  59.7 |       9 |      11 |  55.0
        D:6 |     459 |       0 |   0.0 |       5 |       0 |   0.0
    Ossuary |       0 |    1168 | 100.0 |       0 |      30 | 100.0
            +---------+---------+-------+---------+---------+-------
